 Dungeon Crawl Stone Soup version 0.30-a0-43-gbbf338a72c (webtiles) character file.

Game seed: 18025164989647832168

4 ytrimaz the Insei (level 1, 13/13 HPs)
             Began as an Octopode Transmuter on Aug 31, 2022.
             Was a High Priest of Ignis.
             Quit the game on level 1 of the Dungeon.
             The game lasted 00:00:29 (449 turns).

ytrimaz the Insei (Octopode Transmuter)              Turns: 449, Time: 00:00:29

Health: 13/13      AC:  1    Str:  9    XL:     1   Next: 70%
Magic:  3/3        EV: 13    Int: 15    God:    Ignis [*****.]
Gold:   10         SH:  0    Dex: 12    Spells: 3/4 levels left

rFire   + . .      SeeInvis .      - Unarmed
rCold   . . .      Faith    .    (no shield)
rNeg    . . .      Spirit   .    (helmet restricted)
rPois   .          Reflect  .    (no amulet)
rElec   .          Harm     .    (no ring)
rCorr   .          Rampage  .    (no ring)
Will    .....                    (no ring)
Stlth   ++........               (no ring)
HPRegen 0.04/turn                (no ring)
MPRegen 0.08/turn                (no ring)
                                 (no ring)
                                 (no ring)

@: no status effects
A: almost no armour, amphibious, 8 rings, camouflage 1, gelatinous body 1,
(nimble swimmer 1), tentacles
a: Renounce Religion, Fiery Armour, Foxfire Swarm, Rising Flame


You were on level 1 of the Dungeon.
You worshipped Ignis.
Ignis was extremely pleased with you.
You visited 1 branch of the dungeon, and saw 1 of its levels.

You collected 10 gold pieces.


Innate Abilities, Weirdness & Mutations

You cannot wear most types of armour.
You are amphibious.
You can wear up to eight rings at the same time.
Your skin changes colour to match your surroundings (Stealth+).
Your rubbery body absorbs attacks. (AC +1, EV +1)
((You are camouflaged when in or above water. (Stealth+)))
You have tentacles for arms and can constrict up to eight enemies at once.


   Skills:
 - Level 1.0 Fighting
 - Level 2.0 Dodging
 + Level 3.3 Unarmed Combat
 - Level 2.0 Spellcasting
 - Level 2.0 Transmutations


You had 3 spell levels left.
You knew the following spells:

 Your Spells              Type           Power      Damage    Failure   Level
a - Beastly Appendage     Tmut           14%        N/A       10%         1

Your spell library contained the following spells:

 Spells                   Type           Power      Damage    Failure   Level
 Wereblood                Tmut           7%         N/A       14%         2
 Spider Form              Tmut/Pois      4%         N/A       41%         3
 Ice Form                 Ice/Tmut       4%         N/A       82%         4

Inventory:

Missiles
 b - 22 stones {throwing}
Potions
 a - a potion of lignification {!q}

Dungeon Overview and Level Annotations

Branches:
Dungeon (1/15) Zot: 5551

Altars:
Ignis

#. ## ##. .## #
##..# #..#.#
....###....
#...#...# #.....#
##.@.##
#####.....####
#..#...#...#.##
#.).).###.....#
#.#..## ##..#.....#
####..###..####.....
####### #.#....#####
..## ......#
#......# r.. ......#
#......# .#


There were no monsters in sight!


Message History

You lost 1 mp, and now have 2/3 mp.
The kobold hits you with a +0 short sword. 😮 HP[-5]
You take 5 damage, and now have 8/13 hp.
MASSIVE DAMAGE!! (PAUSE)
The ball python attacks as you move away!
The ball python closely misses you. x2; The kobold misses you.
Your transformation is almost over.
The ball python attacks as you move away!
The ball python bites you.
* * * LOW HITPOINT WARNING * * *
The ball python closely misses you. The kobold attacks as you move away!
The kobold barely misses you. The ball python closely misses you.
The ball python barely misses you. 😨 HP[-2]
You take 2 damage, and now have 6/13 hp.
Unknown command.
You tentacle-slap the ball python. Your grab misses the ball python.
The ball python bites you.
* * * LOW HITPOINT WARNING * * *
The ball python misses you. 😨 HP[-2]
You take 2 damage, and now have 4/13 hp.
You closely miss the ball python. You grab the ball python.
You constrict the ball python.
You kill the ball python!
Unknown command.
You tentacle-slap the rat but do no damage.
Your grab misses the rat.
Your tentacle spike misses the rat.
The rat bites you.
* * * LOW HITPOINT WARNING * * *
The kobold misses you. 😱 HP[-2]
You take 2 damage, and now have 2/13 hp.
Unknown command.
Okay, then.
Unknown command.
Casting: Beastly Appendage (safe; 10% risk of failure)
Press: ? - help, Q - select action, (/) - cycle Dir - look around, f - activate Look: a kobold, wielding a +0 short sword and quivering stones You miscast Beastly Appendage.
You are very lightly contaminated with residual magic.
Nothing appears to happen.
The rat bites you.
* * * LOW HITPOINT WARNING * * *
The kobold barely misses you. 😱 HP[-1] MP[-1]
You take 1 damage, and now have 1/13 hp.
You lost 1 mp, and now have 1/3 mp.
Unknown command.
You barely miss the kobold. Your grab misses the kobold.
You pierce the kobold.
You kill the kobold!
The rat barely misses you. The rat closely misses you.
Items here: ( ) ††. 😱 MP[+1] Unknown command.
You tentacle-slap the rat.
You kill the rat!
Your tentacle spike disappears.
Unknown command.
You start resting.
Your magical contamination has completely faded away.
You are too injured to fight recklessly!
You are too injured to fight recklessly!
A kobold comes into view. It is wielding a +0 dagger.
Unknown command. 😨 HP[+3] MP[+1]
You regained 3 hp, and now have 4/13 hp.
Your mp is fully restored (3).
A kobold is nearby!
Unknown command.
You start resting.
A kobold is nearby! 😕 HP[+6]
You regained 6 hp, and now have 10/13 hp.
A kobold is nearby!
One of your tentacles grows a vicious spike.
The kobold misses you. 😕 MP[-1]
You lost 1 mp, and now have 2/3 mp.
You tentacle-slap the kobold.
You kill the kobold!
b - 20 stones {throwing} (gained 16)
You see here a +0 dagger {short}.
Your transformation is almost over.
Your tentacle spike disappears.
You see here a +0 dagger {short}.
b - 22 stones {throwing} (gained 2)
Things that are here:
a +0 short sword {short}; a kobold skeleton; a ball python skeleton A rat comes into view. 😎 HP[+3] MP[+1]
Your hp is fully restored (13).
Your mp is fully restored (3).
Unknown command.
There is a faded altar of an unknown god here.
You cannot tell which god this altar belongs to.
Convert to them anyway?
Ignis accepts your prayer! Ignis welcomes you!
Are you sure you want to abandon this character and quit the game? (Confirm with "yes".)

Action                   || total
-------------------------++-------
Melee: Unarmed           ||     8
       Kick              ||     3
       Constrict         ||     2
 Cast: Beastly Appendage ||     3
Dodge: Dodged            ||    14

Levels and vault maps discovered:
D:1:      wander_arrival_fairy_ring, layout_basic,
          nicolae_ecumenical_snake_handling, minmay_pentomino_q4

Notes
Turn   | Place    | Note
-------+----------+-------------------------------------------
     0 | D:1      | ytrimaz the Octopode Transmuter began the quest for the
                  | Orb.
     0 | D:1      | Reached XP level 1. HP: 13/13 MP: 3/3
     0 | D:1      | magus.rc [v1.9.6]
   124 | D:1      | Found a faded altar of an unknown god.
   132 | D:1      | HP: 2/13 [rat (2)]
   448 | D:1      | Prayed at the altar of an unknown god.
   448 | D:1      | Became a worshipper of Ignis, the Dying Flame
   449 | D:1      | Quit the game

Vanquished Creatures
  A ball python (D:1)
  3 kobolds (D:1)
  2 rats (D:1)
6 creatures vanquished.

Table legend:
 A = Non-vault XP
 B = Vault XP
 C = Vault XP percentage of total XP
 D = Non-vault monster count
 E = Vault monster count
 F = Vault count percentage of total count
                 A         B        C        D         E       F
            +---------+---------+-------+---------+---------+-------
      Total |       6 |       1 |  14.3 |       5 |       1 |  16.7
            +---------+---------+-------+---------+---------+-------
        D:1 |       6 |       1 |  14.3 |       5 |       1 |  16.7
            +---------+---------+-------+---------+---------+-------

Illustrated notes

Table legend:
 A = Kills in this place as a percentage of kills in entire the game.
 B = Kills by you in this place as a percentage of kills by you in the entire game.
 C = Kills by friends in this place as a percentage of kills by friends in the entire game.
 D = Other kills in this place as a percentage of other kills in the entire game.
 E = Experience gained in this place as a percentage of experience gained in the entire game.
 F = Experience gained in this place divided by the number of levels of this place that you have seen.
                   A       B       C       D       E      F
               +-------+-------+-------+-------+-------+----------------------
         Total | 100.0 | 100.0 |   N/A |   N/A | 100.0 |   7.0
       Dungeon | 100.0 | 100.0 |   N/A |   N/A | 100.0 |   7.0
               +-------+-------+-------+-------+-------+----------------------

Table legend: (Time is in decaauts)
 A = Elapsed time spent in this place.
 B = Non-inter-level travel time spent in this place.
 C = Inter-level travel time spent in this place.
 D = Time resting spent in this place.
 E = Time spent auto-exploring this place.
 F = Levels seen in this place.
 G = Mean time per level.
                   A        B        C        D        E       F      G
               +--------+--------+--------+--------+--------+-----+--------+
         Total |    448 |    448 |      0 |    164 |    242 |   1 |  448.0 |
       Dungeon |    448 |    448 |      0 |    164 |    242 |   1 |  448.0 |
               +--------+--------+--------+--------+--------+-----+--------+

Top non-repeatable levels by time:
     D:1: 448 daAuts
